 Dungeon Crawl Stone Soup version 0.30-a0-743-gbfdf073431 (webtiles) character file.

Game seed: 8371541205448766237

2018 browni3141 the Basher (level 9, -1/65 HPs)
             Began as a Mummy Cinder Acolyte on Feb 6, 2023.
             Was a High Priest of Ignis.
             Slain by an ice beast (4 damage)
             ... on level 7 of the Dungeon.
             The game lasted 00:12:19 (5025 turns).

browni3141 the Basher (Mummy Cinder Acolyte)        Turns: 5025, Time: 00:12:20

Health: -1/65      AC: 12    Str: 22    XL:     9   Next: 3%
Magic:  11/11      EV: 11    Int: 13    God:    Ignis [*****.]
Gold:   343        SH:  0    Dex:  7    Spells: 10/10 levels left

rFire   . . .      SeeInvis .    a - +1 whip (elec)
rCold   + . .      Faith    +    (no shield)
rNeg    + + +      Spirit   .    g - +0 troll leather armour
rPois   ∞          Reflect  .    (no helmet)
rElec   .          Harm     .    (no cloak)
rCorr   .          Rampage  .    q - +0 pair of gloves
Will    +....                    (no boots)
Stlth   ++                       (no amulet)
HPRegen 1.10/turn                (no ring)
MPRegen 0.12/turn                (no ring)

@: fiery-armoured
A: cold resistance 1, negative energy resistance 3, torment resistance 2, heat
vulnerability 1, in touch with death 1, no potions, faith
a: Renounce Religion, Fiery Armour, Foxfire Swarm, Rising Flame


You were on level 7 of the Dungeon.
You worshipped Ignis.
Ignis was extremely pleased with you.
You visited 1 branch of the dungeon, and saw 7 of its levels.
You also visited: Sewer.

You collected 343 gold pieces.

Inventory:

Hand Weapons
 a - a +1 whip of electrocution (weapon)
 d - a +0 whip of electrocution
Missiles
 e - 21 poisoned darts (quivered)
 j - 6 curare-tipped darts
Armour
 b - a +0 robe
 c - a +0 ring mail
 g - a +0 troll leather armour (worn)
 q - a +0 pair of gloves (worn)
Wands
 p - a wand of iceblast (8)
 u - a wand of charming (9)
Scrolls
 f - 2 scrolls of noise
 h - 3 scrolls of enchant armour {unknown}
 i - a scroll of amnesia {unknown}
 k - 3 scrolls of immolation {unknown}
 l - a scroll of magic mapping {unknown}
 m - a scroll of vulnerability {unknown}
 n - 2 scrolls of teleportation
 o - a scroll of enchant weapon {unknown}
 r - a scroll of butterflies {unknown}
 s - 6 scrolls of identify {unknown}
 t - a scroll of torment {unknown}
 v - 2 scrolls of fog {unknown}
 w - 2 scrolls of poison {unknown}
 x - a scroll of silence {unknown}


   Skills:
 - Level 4.0 Fighting
 - Level 2.4(5.9) Axes
 + Level 8.5(8.7) Maces & Flails
 - Level 2.0 Throwing
 - Level 3.0 Stealth
 - Level 1.3 Spellcasting
 - Level 2.4 Fire Magic
 - Level 2.0 Evocations


You had 10 spell levels left.
You didn't know any spells.
Your spell library contained the following spells:

 Spells                   Type           Power      Damage    Failure   Level
 Scorch                   Fire           14%        2d6       17%         2
 Apportation              Tloc           0%         N/A       30%         1
 Magic Dart               Conj           0%         1d3       30%         1
 Call Imp                 Summ           0%         N/A       43%         2
 Ensorcelled Hibernation  Hex/Ice        0%         N/A       43%         2
 Passwall                 Tmut/Erth      0%         N/A       43%         2
 Ignite Poison            Fire/Tmut/Pois 2%         N/A       56%         3
 Call Canine Familiar     Summ           0%         N/A       67%         3
 Mephitic Cloud           Conj/Pois/Air  0%         N/A       67%         3
 Portal Projectile        Hex/Tloc       0%         N/A       67%         3
 Swiftness                Air            0%         N/A       67%         3
 Sticky Flame             Conj/Fire      4%         2d3       88%         4
 Leda's Liquefaction      Hex/Erth       0%         N/A       97%         4
 Alistair's Intoxication  Tmut/Pois      0%         N/A       100%        5
 Ignition                 Fire           3%         3d4       100%        8


Dungeon Overview and Level Annotations

Branches:
Dungeon (7/15)              Sewer (visited)
 Temple: D:4-7

Altars:
Ashenzari
Ru

Shops:
D:3 =   D:7 *


Innate Abilities, Weirdness & Mutations

You are immune to poison.
Your flesh is cold resistant. (rC+)
You are immune to negative energy. (rN+++)
You are immune to unholy pain and torment.
You are vulnerable to heat. (rF-)
You are in touch with the powers of death.
You do not drink.
You have a special connection with the divine. (Faith)


Message History

The kobold hits you with a +0 dagger.
You barely miss the kobold brigand.
The kobold brigand is almost dead.
The ice beast closely misses you.
The kobold brigand hits you but does no damage.
The kobold hits you with a +0 dagger. The kobold closely misses you.
You barely miss the kobold brigand.
The kobold brigand is almost dead.
You hit the kobold brigand.
The kobold brigand is almost dead.
The ice beast closely misses you.
The kobold brigand hits you with a +0 club.
The kobold hits you but does no damage. The kobold hits you with a +0 club.
You are too injured to fight recklessly!
You are too injured to fight recklessly!
You hit the kobold but do no damage. The ice beast misses you.
The kobold brigand hits you but does no damage.
The kobold misses you. The kobold hits you with a +0 club.
You closely miss the kobold. You barely miss the kobold.
The ice beast hits you. The ice beast freezes you. You resist.
The kobold brigand hits you with a +0 club!
* * * LOW HITPOINT WARNING * * *
The kobold barely misses you. The kobold hits you with a +0 club.
* * * LOW HITPOINT WARNING * * *
You closely miss the kobold.
The kobold brigand hits you but does no damage.
The ice beast hits you.
* * * LOW HITPOINT WARNING * * *
The ice beast freezes you! You resist.
* * * LOW HITPOINT WARNING * * *
The kobold barely misses you. The kobold hits you but does no damage.
Unknown command.
Okay, then.
Unknown command.
A protective cloak of flame settles atop you.
The ice beast hits you.
* * * LOW HITPOINT WARNING * * *
The ice beast freezes you. You resist.
You die...

#.#.#.# #.# #.#.#.#
##.#.#.# #.# #.#.#.#
#....#.# #.# #.#.#.#
.....#.#### #.# #..#..#
#...##.##.## ..###.#
##.......#.########..#.#
#.####...............#
#.# #.#.##....KK..# #.#
#.#.......@K).# #.
#..........Y...... #.
#.####.######..... ..
.... ...# #### ########


You could see an ice beast, a kobold brigand and 2 kobolds.

Vanquished Creatures
  A water moccasin (D:6)
  2 ice beasts
  Duvessa (D:5)
  A black bear (D:2)
  2 ogres
  2 centaurs
  2 phantoms (D:5)
  2 kobold brigands
  3 bullfrogs
  A necrophage (D:4)
  A scorpion (D:3)
  4 wights (D:6)
  Dowan (D:5)
  2 iguanas
  4 gnolls (D:4)
  13 adders
  3 white imps
  2 worms (D:2)
  8 orcs
  7 ball pythons
  2 endoplasms
  5 giant cockroaches
  5 goblins
  12 hobgoblins
  9 jackals
  7 quokkas
  9 bats
  6 frilled lizards
  23 kobolds
  8 rats
148 creatures vanquished.

Notes
Turn   | Place    | Note
-------+----------+-------------------------------------------
     0 | D:1      | browni3141 the Mummy Cinder Acolyte began the quest for the
                  | Orb.
     0 | D:1      | Reached XP level 1. HP: 18/18 MP: 2/2
    84 | D:1      | Reached XP level 2. HP: 24/24 MP: 4/4
   496 | D:1      | Gained mutation: You are in touch with the powers of death.
                  | [Mummy growth]
   496 | D:1      | Reached XP level 3. HP: 28/30 MP: 5/5
   513 | D:1      | Reached skill level 1 in Maces & Flails
   869 | D:2      | Reached skill level 2 in Maces & Flails
   901 | D:2      | Noticed a black bear
   905 | D:2      | Reached XP level 4. HP: 37/37 MP: 6/6
   914 | D:2      | Killed a black bear
   915 | D:2      | Reached skill level 3 in Maces & Flails
   915 | D:2      | Reached XP level 5. HP: 29/42 MP: 7/7
  1601 | D:3      | Reached skill level 1 in Throwing
  1621 | D:3      | Reached XP level 6. HP: 43/48 MP: 8/8
  1648 | D:3      | Noticed an ice beast
  1657 | D:3      | Killed an ice beast
  1658 | D:3      | Reached skill level 1 in Evocations
  1784 | D:3      | Found a sacrificial altar of Ru.
  1907 | D:3      | Found Xinontes's Jewellery Boutique.
  2440 | D:4      | Reached skill level 4 in Maces & Flails
  2886 | D:4      | Found a broken altar of Ashenzari.
  2916 | D:4      | Reached XP level 7. HP: 33/54 MP: 9/9
  3133 | D:5      | Entered Level 5 of the Dungeon
  3246 | D:5      | Noticed Duvessa
  3263 | D:5      | Noticed Dowan
  3274 | D:5      | Reached skill level 5 in Maces & Flails
  3287 | D:5      | Killed Duvessa
  3288 | D:5      | Reached skill level 6 in Maces & Flails
  3319 | D:5      | Killed Dowan
  3846 | D:6      | Reached skill level 1 in Stealth
  3846 | D:6      | Reached XP level 8. HP: 36/60 MP: 10/10
  3975 | D:6      | Found a glowing drain.
  4003 | Sewer    | Entered a sewer
  4041 | Sewer    | Reached skill level 7 in Maces & Flails
  4705 | D:6      | Reached skill level 8 in Maces & Flails
  4806 | D:7      | Found Budiq's Assorted Antiques.
  4967 | D:7      | Reached XP level 9. HP: 56/65 MP: 11/11
  4973 | D:7      | Identified the -2 helmet "Toonueh" {rElec Regen+ Int-4
                  | Dex-4}
  5025 | D:7      | HP: 3/65 [ice beast (3)]
  5025 | D:7      | Slain by an ice beast

Illustrated notes

Levels and vault maps discovered:
D:1:      enne_arrival_octagon_isle, layout_basic, dk_noncrumbling_4
D:2:      layout_basic, kennysheep_pointless_box, minmay_ruptured
D:3:      layout_basic, nicolae_ru_sacrificial_ziggurat, serial_shops, shop,
          minmay_quantized
D:4:      layout_basic, kennysheep_mini_moat
D:5:      layout_cave_pools, minmay_hedge_maze, hangedman_decor_lopped,
          chequers_serial_rivers_small_b, uniq_duvessa
D:6:      layout_cave_pools, portal_sewer_entry_f, minmay_misc_feat_columns,
          bh_walls_and_bars
D:7:      layout_loops_ring, chequers_temple_overflow_statue_of_worship,
          temple_green, serial_shops, nicolae_shop_advertising_works
          [nicolae_subvault_shop_adworks], minmay_manual_mail

Skill      XL: |  1  2  3  4  5  6  7  8 |
---------------+-------------------------+-----
Fighting       | 4 |  4.0
Maces & Flails | 2 3 4 6 8 |  8.5
Throwing       | 1 2 |  2.0
Evocations     | 2 |  2.0
Stealth        | 1 3 |  3.0
Axes           | |  2.4
Spellcasting   | |  1.3
Fire Magic     | |  2.4

Action                     |  1- 3 |  4- 6 |  7- 9 || total
---------------------------+-------+-------+-------++-------
  Melee: Hand axe          |    32 |       |       ||    32
         Whip              |    83 |   176 |   334 ||   593
         Punch             |       |     2 |       ||     2
  Throw: Dart              |       |     3 |    12 ||    15
 Invoke: Fiery Armour      |       |       |     1 ||     1
  Evoke: Wand              |       |       |     1 ||     1
    Use: Scroll            |       |       |     2 ||     2
   Stab: Sleeping          |       |       |     2 ||     2
 Armour: Ring mail         |    48 |       |       ||    48
         Troll leather arm |     5 |    38 |   125 ||   168
  Dodge: Dodged            |    55 |   112 |   216 ||   383

Table legend: (Time is in decaauts)
 A = Elapsed time spent in this place.
 B = Non-inter-level travel time spent in this place.
 C = Inter-level travel time spent in this place.
 D = Time resting spent in this place.
 E = Time spent auto-exploring this place.
 F = Levels seen in this place.
 G = Mean time per level.
                   A        B        C        D        E       F      G
               +--------+--------+--------+--------+--------+-----+--------+
         Total |   4948 |   4730 |    218 |      4 |   3535 |   8 |  618.5 |
       Dungeon |   4690 |   4472 |    218 |      4 |   3371 |   7 |  670.0 |
         Sewer |    258 |    258 |      0 |      0 |    163 |   1 |  258.0 |
               +--------+--------+--------+--------+--------+-----+--------+

Top non-repeatable levels by time:
     D:3: 925 daAuts
     D:1: 786 daAuts
     D:2: 704 daAuts
     D:5: 703 daAuts
     D:4: 701 daAuts
     D:6: 660 daAuts
   Sewer: 258 daAuts
     D:7: 207 daAuts
